 Dungeon Crawl Stone Soup version 0.22-a0-848-ge9e22a0 (webtiles) character file.

19 Atlas the Grave Robber (level 2, -2/19 HPs)
             Began as a Mummy Necromancer on July 27, 2018.
             Was an Initiate of Gozag.
             Slain by a worm (11 damage)
             ... on level 2 of the Dungeon.
             The game lasted 00:02:01 (1404 turns).

Atlas the Grave Robber (Mummy Necromancer)          Turns: 1404, Time: 00:02:02

Health: -2/19      AC:  2    Str: 11    XL:     2   Next: 55%
Magic:  0/6        EV: 12    Int: 14    God:    Gozag
Gold:   73         SH:  0    Dex: 12    Spells: 6/7 levels left

rFire    x . .     SeeInvis .   (no weapon)
rCold    + . .     Gourm    .   (no shield)
rNeg     + + +     Faith    .   a - +0 robe
rPois    ∞         Spirit   .   (no helmet)
rElec    .         Reflect  .   (no cloak)
rCorr    .         Harm     .   (no gloves)
MR       .....                  (no boots)
Stlth    ++........             (no amulet)
HPRegen  0.06/turn              (no ring)
MPRegen  0.10/turn              (no ring)

@: no status effects
A: no food or potions, fire vulnerability, cold resistance 1, negative energy
resistance 3, torment resistance, unbreathing
a: Potion Petition, Call Merchant, Bribe Branch, Renounce Religion


You were on level 2 of the Dungeon.
You worshipped Gozag.
Gozag was noncommittal.
You were not hungry.

You visited 1 branch of the dungeon, and saw 2 of its levels.

You collected 103 gold pieces.
You paid 30 gold pieces to Gozag.

Inventory:

Armour
 a - a +0 robe (worn)
Scrolls
 b - 2 scrolls of remove curse {unknown}
 c - 2 scrolls of random uselessness {unknown}
 d - a scroll of identify {unknown}
 e - a scroll of teleportation {unknown}


   Skills:
 + Level 1.6 Dodging
 - Level 1.5 Stealth
 + Level 3.0 Spellcasting
 + Level 4.5 Necromancy


You had 6 spell levels left.
You knew the following spells:

 Your Spells              Type           Power        Failure   Level  Hunger
a - Pain                  Necr           ##..         3%          1    N/A

Your spell library contained the following spells:

 Spells                   Type           Power        Failure   Level  Hunger
 Animate Dead             Necr           N/A          32%         4    N/A
 Animate Skeleton         Necr           N/A          3%          1    N/A
 Vampiric Draining        Necr           ##........   10%         3    N/A
 Regeneration             Chrm/Necr      #.........   26%         3    N/A

Dungeon Overview and Level Annotations

Branches:
Dungeon (2/15)

Altars:
Gozag
Vehumet


Innate Abilities, Weirdness & Mutations

You do not eat or drink.
Your flesh is vulnerable to fire.
You are immune to poison.
Your flesh is cold resistant. (rC+)
You are immune to negative energy. (rN+++)
You are immune to unholy pain and torment.
You can survive without breathing.


Message History

The worm writhes in agony!
The worm bites you but does no damage.
Casting: Pain (safe; 3% risk of failure)
Confirm with . or Enter, or press ? or * to list all spells.
You don't have enough magic to cast that spell.
Unknown command.
Okay, then.
Unknown command.
Unknown command.
You hit the worm.
The worm is heavily wounded.
The worm bites you!
Ouch! That really hurt!
You barely miss the worm.
The worm is heavily wounded.
You hit the worm.
The worm is heavily wounded.
The worm bites you!
Ouch! That really hurt!
You die...
Your body crumbles into a pile of gold.

...# #.........# ...# #.#####.#.#
...# #.# #.#<# ...# #.#####.#.#
...# #.#.....#.# ...# #.#.#####.#
...############### #.......#.#
.................######.##.##.###
..+............w@'...÷.......>...
.####.#..........########.#######
..# #.#..........# #.........#
..# #.#..........# #.###.###.#
_8# #.#..........# #.# #.#<#.#
### #.#..........# #.# #.#.#.###
#.############ #.# #.#.#.... #.#
####'###'#.##### $
#########...............


You could see a worm.

Vanquished Creatures
  A dart slug (D:2)
  2 goblins
  2 hobgoblins
  A ball python (D:2)
  2 bats
  A frilled lizard (D:1)
  4 kobolds
  4 rats
17 creatures vanquished.

Notes
Turn   | Place    | Note
-------+----------+-------------------------------------------
     0 | D:1      | Atlas the Mummy Necromancer began the quest for the Orb.
     0 | D:1      | Reached XP level 1. HP: 13/13 MP: 4/4
   640 | D:1      | Reached XP level 2. HP: 19/19 MP: 1/5
   965 | D:2      | Found a radiant altar of Vehumet.
  1187 | D:2      | Found an opulent altar of Gozag.
  1220 | D:2      | Became a worshipper of Gozag Ym Sagoz the Greedy
  1404 | D:2      | Slain by a worm

Vault maps used:
D:1:      doesnt_arrival_eight_statues
D:2:      vehumet_crystals, overflow_temple_1_default, grunt_gozag_breadcrumbs

Skill      XL: |  1  2 |
---------------+-------+-----
Spellcasting   | 3 |  3.0
Dodging        | |  1.6
Stealth        | |  1.5
Necromancy     | |  4.5

Action                   || total
-------------------------++-------
Melee: Unarmed           ||     4
 Cast: Pain              ||    42
Armor: Robe              ||     2
Dodge: Dodged            ||     6

Table legend:
 A = Spawn XP
 B = Non-spawn XP
 C = Spawn XP percentage of total XP
 D = Spawn monster count
 E = Non-spawn monster count
 F = Spawn count percentage of total count
 G = Total turns spent on level
                    A         B        C        D         E        F      G
               +---------+---------+-------+---------+---------+-------+---------
         Total |       0 |      28 |   0.0 |       0 |      17 |   0.0 |  1404
               +---------+---------+-------+---------+---------+-------+---------
           D:1 |       0 |      13 |   0.0 |       0 |       9 |   0.0 |   832
           D:2 |       0 |      15 |   0.0 |       0 |       8 |   0.0 |   572
               +---------+---------+-------+---------+---------+-------+---------
